| Goals | Penalties |
1. Wild , Dylan Larkin 29 (Evan Rodrigues 10) at 5:08
2. Wild , Anthony Cirelli 23 (Teuvo Teravainen 30) at 12:18 (PP)
|
Mathew Dumba (LAS) for Delaying the game (Minor) at 1:12 Logan Stanley (LAS) for Interference (Minor) at 11:18 Jalen Chatfield (MWD) for Tripping (Minor) at 14:20
|
3. Wild , Ryan Donato 13 (Teuvo Teravainen 31, Anthony Cirelli 31) at 0:39
|
Tyler Tucker (LAS) for Roughing (Minor) at 9:41 Max Domi (MWD) for Boarding (Double Minor) at 9:41 Anthony Cirelli (MWD) for Tripping (Minor) at 10:30 Logan Stanley (LAS) for Cross-checking (Minor) at 17:20
|
No Goal
|
Ryan Donato (MWD) for Interference (Minor) at 0:49 Ryan Donato (MWD) for Cross-checking (Minor) at 5:55
|
|
Vitek Vanecek (MWD), 15 saves from 15 shots - (1,000), W, 23-11-2, 60:00 minutes
Cal Petersen (LAS), 33 saves from 36 shots - (0,917), L, 6-19-3, 60:00 minutes
|
|
1 - Anthony Cirelli (MWD)
2 - Vitek Vanecek (MWD)
3 - Teuvo Teravainen (MWD)
|
Referees : Dan O'Halloran and Andrew Howard
Linesman : Brendan Lewis and David Brisebois
|
|
Evan Rodrigues is injured at 12:20 of 1st period (Left Forearm)
Nicolas Roy is injured at 6:18 of 2nd period (Back Surgery)
|
|
Level 1 -- Attendance: 5272 (87,87%) -- Ticket Income $527,200
Level 2 -- Attendance: 4593 (91,86%) -- Ticket Income $275,580
Level 3 -- Attendance: 2000 (100,00%) -- Ticket Income $70,000
Level 4 -- Attendance: 3937 (98,43%) -- Ticket Income $98,425
Luxury Box -- Attendance: 889 (88,90%) -- Ticket Income $177,800
Game was played at the T-Mobile Arena.
Total Attendance: 16691 (92,73%)
Total Ticket Income: $1,149,005
Other Expense: $57,450
Total Income: $1,091,555
|
| Team Name |
Goals |
Shots |
Shots Attemp |
Shots Blocked |
PIM |
HIT |
PP |
PK |
FO% |
| Wild |
3 | 36 | 68 | 4 | 12 | 13 | 1 / 3 (33%) | 0 | 51% |
| Golden Knights |
0 | 15 | 34 | 14 | 8 | 28 | 0 / 5 (0%) | 1 | 49% |
Wild
Golden Knights
Wild
| 5 vs 5 Forward |
|---|
| Line # | Left Wing | Center | Right Wing | PHY | DF | OF | Wanted % | Time % | Time Play |
| 1 | Evan Rodrigues | Dylan Larkin | Mark Stone | 0 | 2 | 3 | 32 | 27% | 12:05
|
| 2 | Teuvo Teravainen | Anthony Cirelli | Ryan Donato | 0 | 2 | 3 | 31 | 29% | 13:08
|
| 3 | Jordan Martinook | Nicolas Roy | Colton Sissons | 0 | 3 | 2 | 25 | 23% | 10:21
|
| 4 | Collin Graf | Max Domi | Mason Appleton | 1 | 3 | 1 | 12 | 21% | 9:32
|
| 5 vs 5 Defense |
|---|
| Line # | Defense | Defense | | PHY | DF | OF | Wanted % | Time % | Time Play |
| 1 | Brady Skjei | Jalen Chatfield | | 0 | 4 | 1 | 38 | 35% | 15:53
|
| 2 | Nick Perbix | Brian Dumoulin | | 0 | 4 | 1 | 37 | 33% | 14:58
|
| 3 | Erik Brannstrom | Simon Benoit | | 1 | 4 | 0 | 20 | 32% | 14:15
|
| 4 | Brady Skjei | Jalen Chatfield | | 0 | 2 | 3 | 5 | 0% | 0:00
|
| Power Play Forward |
|---|
| Line # | Left Wing | Center | Right Wing | PHY | DF | OF | Wanted % | Time % | Time Play |
| 1 | Evan Rodrigues | Dylan Larkin | Mark Stone | 0 | 0 | 5 | 55 | 28% | 1:22
|
| 2 | Teuvo Teravainen | Anthony Cirelli | Ryan Donato | 0 | 0 | 5 | 45 | 72% | 3:36
|
| Power Play Defense |
|---|
| Line # | Defense | Defense | | PHY | DF | OF | Wanted % | Time % | Time Play |
| 1 | Brady Skjei | Jalen Chatfield | | 0 | 1 | 4 | 50 | 48% | 2:22
|
| 2 | Nick Perbix | Brian Dumoulin | | 0 | 1 | 4 | 50 | 52% | 2:36
|
| Penalty Kill 4 Players Forward |
|---|
| Line # | Center | Wing | PHY | DF | OF | Wanted % | Time % | Time Play |
| 1 | Colton Sissons | Anthony Cirelli | 0 | 5 | 0 | 50 | 42% | 3:00
|
| 2 | Nicolas Roy | Jordan Martinook | 0 | 5 | 0 | 50 | 58% | 4:08
|
| Penalty Kill 4 Players Defense |
|---|
| Line # | Defense | Defense | PHY | DF | OF | Wanted % | Time % | Time Play |
| 1 | Simon Benoit | Jalen Chatfield | 0 | 5 | 0 | 50 | 52% | 3:44
|
| 2 | Brady Skjei | Brian Dumoulin | 0 | 5 | 0 | 50 | 48% | 3:24
|
| Penalty Kill 3 Players |
|---|
| Line # | Wing | PHY | DF | OF | Wanted % | Time % | Time Play | Defense | Defense | PHY | DF | OF | Wanted % | Time % | Time Play |
| 1 | Colton Sissons | 0 | 5 | 0 | 50 | 50% | 1:00
| Brady Skjei | Jalen Chatfield | 0 | 5 | 0 | 50 | 37% | 0:44
|
| 2 | Jordan Martinook | 0 | 5 | 0 | 50 | 50% | 0:59
| Simon Benoit | Brian Dumoulin | 0 | 5 | 0 | 50 | 63% | 1:15
|
| 4 vs 4 Forward |
|---|
| Line # | Center | Wing | PHY | DF | OF | Wanted % | Time % | Time Play |
| 1 | Dylan Larkin | Mark Stone | 0 | 2 | 3 | 50 | 0% | 0:00
|
| 2 | Anthony Cirelli | Teuvo Teravainen | 0 | 2 | 3 | 50 | 100% | 0:49
|
| 4 vs 4 Defense |
|---|
| Line # | Defense | | PHY | DF | OF | Wanted % | Time % | Time Play |
| 1 | Brady Skjei | Jalen Chatfield | 0 | 4 | 1 | 50 | 100% | 50% - 0:49
|
| 2 | Nick Perbix | Brian Dumoulin | 0 | 4 | 1 | 50 | 0% | 50% - 0:00
|
| Last Minutes Offensive |
|---|
| Left Wing | Center | Right Wing | Defense | Defense |
| Teuvo Teravainen | Dylan Larkin | Mark Stone | Brady Skjei | Simon Benoit |
| Last Minutes Defensive |
|---|
| Left Wing | Center | Right Wing | Defense | Defense |
| Jordan Martinook | Anthony Cirelli | Colton Sissons | Brady Skjei | Simon Benoit |
| Time |
|---|
| Total Forward | Total Defense | Last Minutes Offensive | Last Minutes Defensive |
| 60:00 |
60:00 |
0:00 | 0:00 |
| Extra Forwards |
|---|
| Normal | PowerPlay | Penalty Kill |
|
Dylan Larkin, Teuvo Teravainen, Colton Sissons | Collin Graf, Ryan Donato | Mason Appleton |
| Extra Defensemen |
|---|
| Normal | PowerPlay | Penalty Kill |
|
Simon Benoit, Brady Skjei, Erik Brannstrom | Nick Perbix, Erik Brannstrom | Nick Perbix |
| Penalty Shots |
|---|
|
Dylan Larkin, Ryan Donato, Teuvo Teravainen, Max Domi, Anthony Cirelli |
| Goalie |
|---|
| Vitek Vanecek, Adin Hill |
| Custom OT Lines Forwards |
|---|
|
Dylan Larkin, Teuvo Teravainen, Anthony Cirelli, Mark Stone, Nicolas Roy, Ryan Donato, Max Domi, Evan Rodrigues, Colton Sissons, Collin Graf |
| Custom OT Lines Defensemen |
|---|
|
Simon Benoit, Jalen Chatfield, Brady Skjei, Brian Dumoulin, Nick Perbix |
| Scratches |
|---|
|
Curtis Lazar (Healthy), Jared Spurgeon (Torso Injury), Mark Kastelic (Healthy) |
Golden Knights
| 5 vs 5 Forward |
|---|
| Line # | Left Wing | Center | Right Wing | PHY | DF | OF | Wanted % | Time % | Time Play |
| 1 | Anthony Beauvillier | Macklin Celebrini | Vladimir Tarasenko | 1 | 2 | 2 | 30 | 32% | 14:14
|
| 2 | Tanner Jeannot | Cody Glass | Christian Fischer | 1 | 2 | 2 | 25 | 24% | 10:59
|
| 3 | Ryan Lomberg | Nils Aman | Kaleb Lawrence | 1 | 2 | 2 | 23 | 22% | 9:52
|
| 4 | Adam Raska | Hugh McGing | Jordan Dumais | 1 | 2 | 2 | 22 | 22% | 10:01
|
| 5 vs 5 Defense |
|---|
| Line # | Defense | Defense | | PHY | DF | OF | Wanted % | Time % | Time Play |
| 1 | TJ Brodie | Tyler Tucker | | 1 | 2 | 2 | 35 | 34% | 15:16
|
| 2 | Ilya Lyubushkin | Mathew Dumba | | 1 | 2 | 2 | 35 | 37% | 16:33
|
| 3 | Adam Boqvist | Logan Stanley | | 1 | 2 | 2 | 30 | 29% | 13:17
|
| 4 | Mathew Dumba | TJ Brodie | | 1 | 2 | 2 | 0 | 0% | 0:00
|
| Power Play Forward |
|---|
| Line # | Left Wing | Center | Right Wing | PHY | DF | OF | Wanted % | Time % | Time Play |
| 1 | Tanner Jeannot | Cody Glass | Christian Fischer | 1 | 0 | 4 | 60 | 42% | 3:22
|
| 2 | Vladimir Tarasenko | Macklin Celebrini | Anthony Beauvillier | 1 | 0 | 4 | 40 | 58% | 4:35
|
| Power Play Defense |
|---|
| Line # | Defense | Defense | | PHY | DF | OF | Wanted % | Time % | Time Play |
| 1 | TJ Brodie | Tyler Tucker | | 1 | 1 | 3 | 60 | 48% | 3:51
|
| 2 | Logan Stanley | Adam Boqvist | | 1 | 1 | 3 | 40 | 52% | 4:06
|
| Penalty Kill 4 Players Forward |
|---|
| Line # | Center | Wing | PHY | DF | OF | Wanted % | Time % | Time Play |
| 1 | Nils Aman | Cody Glass | 1 | 3 | 1 | 60 | 67% | 3:21
|
| 2 | Christian Fischer | Anthony Beauvillier | 1 | 3 | 1 | 40 | 33% | 1:37
|
| Penalty Kill 4 Players Defense |
|---|
| Line # | Defense | Defense | PHY | DF | OF | Wanted % | Time % | Time Play |
| 1 | TJ Brodie | Tyler Tucker | 1 | 4 | 0 | 60 | 41% | 2:02
|
| 2 | Ilya Lyubushkin | Mathew Dumba | 1 | 4 | 0 | 40 | 59% | 2:56
|
| Penalty Kill 3 Players |
|---|
| Line # | Wing | PHY | DF | OF | Wanted % | Time % | Time Play | Defense | Defense | PHY | DF | OF | Wanted % | Time % | Time Play |
| 1 | Nils Aman | 0 | 5 | 0 | 60 | 0% | 0:00
| Ilya Lyubushkin | TJ Brodie | 0 | 5 | 0 | 60 | 0% | 0:00
|
| 2 | Cody Glass | 0 | 5 | 0 | 40 | 0% | 0:00
| Mathew Dumba | Tyler Tucker | 0 | 5 | 0 | 40 | 0% | 0:00
|
| 4 vs 4 Forward |
|---|
| Line # | Center | Wing | PHY | DF | OF | Wanted % | Time % | Time Play |
| 1 | Nils Aman | Macklin Celebrini | 1 | 2 | 2 | 60 | 71% | 1:25
|
| 2 | Cody Glass | Vladimir Tarasenko | 1 | 2 | 2 | 40 | 29% | 0:34
|
| 4 vs 4 Defense |
|---|
| Line # | Defense | | PHY | DF | OF | Wanted % | Time % | Time Play |
| 1 | TJ Brodie | Tyler Tucker | 1 | 2 | 2 | 60 | 59% | 60% - 1:10
|
| 2 | Ilya Lyubushkin | Mathew Dumba | 1 | 2 | 2 | 40 | 41% | 40% - 0:49
|
| Last Minutes Offensive |
|---|
| Left Wing | Center | Right Wing | Defense | Defense |
| Macklin Celebrini | Anthony Beauvillier | Vladimir Tarasenko | Tyler Tucker | Mathew Dumba |
| Last Minutes Defensive |
|---|
| Left Wing | Center | Right Wing | Defense | Defense |
| Macklin Celebrini | Nils Aman | Cody Glass | Ilya Lyubushkin | Mathew Dumba |
| Time |
|---|
| Total Forward | Total Defense | Last Minutes Offensive | Last Minutes Defensive |
| 60:00 |
60:00 |
0:00 | 0:00 |
| Extra Forwards |
|---|
| Normal | PowerPlay | Penalty Kill |
|
Cody Glass, Ryan Lomberg, Tanner Jeannot | Nils Aman, Kaleb Lawrence | Tanner Jeannot |
| Extra Defensemen |
|---|
| Normal | PowerPlay | Penalty Kill |
|
Adam Boqvist, Logan Stanley, Ilya Lyubushkin | Adam Boqvist, Adam Boqvist | TJ Brodie |
| Penalty Shots |
|---|
|
Anthony Beauvillier, Macklin Celebrini, Vladimir Tarasenko, Cody Glass, Nils Aman |
| Goalie |
|---|
| Cal Petersen, Jakub Skarek |
| Custom OT Lines Forwards |
|---|
|
Jordan Dumais, Macklin Celebrini, Anthony Beauvillier, Vladimir Tarasenko, Ryan Lomberg, Adam Raska, Cody Glass, Christian Fischer, Tanner Jeannot, Nils Aman |
| Custom OT Lines Defensemen |
|---|
|
Tyler Tucker, TJ Brodie, Mathew Dumba, Ilya Lyubushkin, Logan Stanley |
| Scratches |
|---|
|
Marc-Edouard Vlasic (Healthy), Elias Lindholm (Strained Left Knee Injury), Sean Couturier (Back Surgery Injury), Ben Gleason (Healthy), Andreas Englund (Healthy) |
Play-by-Play
1st period
0:01 of 1st period - Dylan Larkin wins face-off versus Macklin Celebrini in neutral zone.
1:12 of 1st period - Minor Penalty to Mathew Dumba for Delaying the game.
1:13 of 1st period - Anthony Cirelli wins face-off versus Nils Aman in Golden Knights zone.
1:38 of 1st period - Shot by Anthony Cirelli.
1:38 of 1st period - Stopped by Cal Petersen without a rebound.
1:39 of 1st period - Anthony Cirelli wins face-off versus Christian Fischer in Golden Knights zone.
3:25 of 1st period - Shot by Logan Stanley.
3:25 of 1st period - Stopped by Vitek Vanecek with a rebound.
3:29 of 1st period - Shot by Jordan Dumais.
3:29 of 1st period - Deflect By Adam Raska.
3:29 of 1st period - Stopped by Vitek Vanecek without a rebound.
3:30 of 1st period - Nils Aman wins face-off versus Collin Graf in Wild zone.
4:14 of 1st period - Off-side.
4:15 of 1st period - Nicolas Roy wins face-off versus Hugh McGing in neutral zone.
4:20 of 1st period - Shot by Jordan Martinook.
4:20 of 1st period - Deflect By Nicolas Roy.
4:20 of 1st period - Shot Misses the Net.
4:36 of 1st period - Shot by Colton Sissons.
4:36 of 1st period - Shot Blocked by Logan Stanley.
4:38 of 1st period - Shot by Colton Sissons.
4:38 of 1st period - Stopped by Cal Petersen without a rebound.
4:39 of 1st period - Cody Glass wins face-off versus Anthony Cirelli in Golden Knights zone.
4:47 of 1st period - Teuvo Teravainen is hit by Tanner Jeannot and loses puck.
5:04 of 1st period - Shot by Brady Skjei.
5:04 of 1st period - Stopped by Cal Petersen without a rebound.
5:05 of 1st period - Dylan Larkin wins face-off versus Anthony Beauvillier in Golden Knights zone.
5:08 of 1st period - Shot by Evan Rodrigues.
5:08 of 1st period - Deflect By Dylan Larkin.
5:08 of 1st period - Goal by Dylan Larkin - Wild : 1 - Golden Knights : 0.
5:09 of 1st period - Macklin Celebrini wins face-off versus Nicolas Roy in neutral zone.
5:21 of 1st period - Icing by Adam Boqvist.
5:22 of 1st period - Macklin Celebrini wins face-off versus Anthony Cirelli in Golden Knights zone.
5:22 of 1st period - Macklin Celebrini is hit by Anthony Cirelli.
5:57 of 1st period - Macklin Celebrini is hit by Jalen Chatfield and loses puck.
6:40 of 1st period - Shot by Cody Glass.
6:40 of 1st period - Stopped by Vitek Vanecek without a rebound.
6:41 of 1st period - Nils Aman wins face-off versus Colton Sissons in Wild zone.
7:49 of 1st period - Shot by Adam Raska.
7:49 of 1st period - Shot Misses the Net.
9:22 of 1st period - Icing by Erik Brannstrom.
9:23 of 1st period - Nils Aman wins face-off versus Nicolas Roy in Wild zone.
9:34 of 1st period - Shot by Nils Aman.
9:34 of 1st period - Stopped by Vitek Vanecek without a rebound.
9:35 of 1st period - Dylan Larkin wins face-off versus Hugh McGing in Wild zone.
9:35 of 1st period - Dylan Larkin is hit by Adam Raska.
9:53 of 1st period - Shot by Hugh McGing.
9:53 of 1st period - Shot Blocked by Brian Dumoulin.
10:22 of 1st period - Mark Stone is hit by Tyler Tucker and loses puck.
11:05 of 1st period - Shot by Anthony Cirelli.
11:05 of 1st period - Deflect By Ryan Donato.
11:05 of 1st period - Stopped by Cal Petersen without a rebound.
11:06 of 1st period - Nils Aman wins face-off versus Max Domi in Golden Knights zone.
11:12 of 1st period - Max Domi is hit by Logan Stanley and loses puck.
11:16 of 1st period - Mason Appleton is hit by Logan Stanley and loses puck.
11:18 of 1st period - Minor Penalty to Logan Stanley for Interference.
11:19 of 1st period - Teuvo Teravainen wins face-off versus Nils Aman in Golden Knights zone.
11:33 of 1st period - Off-side.
11:34 of 1st period - Cody Glass wins face-off versus Anthony Cirelli in neutral zone.
11:40 of 1st period - Icing by Teuvo Teravainen.
11:41 of 1st period - Nils Aman wins face-off versus Anthony Cirelli in Wild zone.
11:57 of 1st period - Shot by Anthony Cirelli.
11:57 of 1st period - Shot Misses the Net.
11:59 of 1st period - Shot by Anthony Cirelli.
11:59 of 1st period - Stopped by Cal Petersen with a rebound.
12:08 of 1st period - Icing by Anthony Cirelli.
12:09 of 1st period - Nils Aman wins face-off versus Teuvo Teravainen in Wild zone.
12:18 of 1st period - Shot by Anthony Cirelli.
12:18 of 1st period - Goal by Anthony Cirelli - Wild : 2 - Golden Knights : 0.
12:19 of 1st period - Dylan Larkin wins face-off versus Macklin Celebrini in neutral zone.
12:19 of 1st period - Evan Rodrigues is hit by Vladimir Tarasenko.
12:20 of 1st period - Evan Rodrigues from Wild is injured at 12:20 of 1st period (Left Forearm).
12:21 of 1st period - Dylan Larkin wins face-off versus Macklin Celebrini in neutral zone.
12:25 of 1st period - Off-side.
12:26 of 1st period - Dylan Larkin wins face-off versus Cody Glass in neutral zone.
12:51 of 1st period - Shot by Teuvo Teravainen.
12:51 of 1st period - Shot Misses the Net.
12:53 of 1st period - Shot by Mark Stone.
12:53 of 1st period - Stopped by Cal Petersen with a rebound.
13:07 of 1st period - Shot by Mark Stone.
13:07 of 1st period - Stopped by Cal Petersen without a rebound.
13:08 of 1st period - Macklin Celebrini wins face-off versus Max Domi in Golden Knights zone.
13:19 of 1st period - Shot by Anthony Beauvillier.
13:19 of 1st period - Deflect By Vladimir Tarasenko.
13:19 of 1st period - Stopped by Vitek Vanecek without a rebound.
13:20 of 1st period - Nils Aman wins face-off versus Nicolas Roy in Wild zone.
13:24 of 1st period - Icing by Brady Skjei.
13:25 of 1st period - Nicolas Roy wins face-off versus Nils Aman in Wild zone.
13:25 of 1st period - Nicolas Roy is hit by Kaleb Lawrence.
13:33 of 1st period - Shot by Nicolas Roy.
13:33 of 1st period - Stopped by Cal Petersen without a rebound.
13:34 of 1st period - Macklin Celebrini wins face-off versus Teuvo Teravainen in Golden Knights zone.
14:06 of 1st period - Shot by Teuvo Teravainen.
14:06 of 1st period - Stopped by Cal Petersen without a rebound.
14:07 of 1st period - Colton Sissons wins face-off versus Nils Aman in Golden Knights zone.
14:20 of 1st period - Minor Penalty to Jalen Chatfield for Tripping.
14:21 of 1st period - Christian Fischer wins face-off versus Nicolas Roy in Wild zone.
15:13 of 1st period - Shot by Logan Stanley.
15:13 of 1st period - Stopped by Vitek Vanecek without a rebound.
15:14 of 1st period - Colton Sissons wins face-off versus Macklin Celebrini in Wild zone.
15:33 of 1st period - Shot by Vladimir Tarasenko.
15:33 of 1st period - Shot Misses the Net.
15:43 of 1st period - Shot by Anthony Beauvillier.
15:43 of 1st period - Deflect By Vladimir Tarasenko.
15:43 of 1st period - Shot Misses the Net.
17:28 of 1st period - Max Domi is hit by Jordan Dumais and loses puck.
17:37 of 1st period - Shot by Max Domi.
17:37 of 1st period - Shot Blocked by TJ Brodie.
17:39 of 1st period - Shot by Collin Graf.
17:39 of 1st period - Stopped by Cal Petersen without a rebound.
17:40 of 1st period - Nicolas Roy wins face-off versus Tanner Jeannot in Golden Knights zone.
17:40 of 1st period - Nicolas Roy is hit by Logan Stanley.
18:04 of 1st period - Icing by Jordan Martinook.
18:05 of 1st period - Jordan Martinook wins face-off versus Macklin Celebrini in Wild zone.
18:14 of 1st period - Shot by Colton Sissons.
18:14 of 1st period - Shot Blocked by Ilya Lyubushkin.
18:41 of 1st period - Shot by Macklin Celebrini.
18:41 of 1st period - Stopped by Vitek Vanecek without a rebound.
18:42 of 1st period - Cody Glass wins face-off versus Anthony Cirelli in Wild zone.
18:42 of 1st period - Cody Glass is hit by Brian Dumoulin.
18:46 of 1st period - Shot by Christian Fischer.
18:46 of 1st period - Stopped by Vitek Vanecek without a rebound.
18:47 of 1st period - Cody Glass wins face-off versus Anthony Cirelli in Wild zone.
19:27 of 1st period - Ryan Donato is hit by Tanner Jeannot and loses puck.
19:38 of 1st period - Ryan Donato is hit by Tyler Tucker and loses puck.
19:57 of 1st period - Shot by Brady Skjei.
19:57 of 1st period - Stopped by Cal Petersen without a rebound.
19:58 of 1st period - Max Domi wins face-off versus Macklin Celebrini in Golden Knights zone.
Goals for this period are 2 for Wild vs 0 for Golden Knights.
Shots for this period are 13 for Wild vs 8 for Golden Knights.
2nd period
0:01 of 2nd period - Anthony Cirelli wins face-off versus Macklin Celebrini in neutral zone.
0:10 of 2nd period - Shot by Teuvo Teravainen.
0:10 of 2nd period - Stopped by Cal Petersen without a rebound.
0:11 of 2nd period - Dylan Larkin wins face-off versus Nils Aman in Golden Knights zone.
0:21 of 2nd period - Icing by Nils Aman.
0:22 of 2nd period - Nils Aman wins face-off versus Max Domi in Golden Knights zone.
0:31 of 2nd period - Shot by Mason Appleton.
0:31 of 2nd period - Shot Blocked by Nils Aman.
0:33 of 2nd period - Shot by Brady Skjei.
0:33 of 2nd period - Stopped by Cal Petersen without a rebound.
0:34 of 2nd period - Anthony Cirelli wins face-off versus Macklin Celebrini in Golden Knights zone.
0:39 of 2nd period - Shot by Teuvo Teravainen.
0:39 of 2nd period - Deflect By Ryan Donato.
0:39 of 2nd period - Goal by Ryan Donato - Wild : 3 - Golden Knights : 0.
0:40 of 2nd period - Anthony Cirelli wins face-off versus Macklin Celebrini in neutral zone.
0:43 of 2nd period - Shot by Anthony Cirelli.
0:43 of 2nd period - Stopped by Cal Petersen without a rebound.
0:44 of 2nd period - Anthony Beauvillier wins face-off versus Anthony Cirelli in Golden Knights zone.
1:11 of 2nd period - Shot by Teuvo Teravainen.
1:11 of 2nd period - Shot Misses the Net.
2:31 of 2nd period - Shot by Colton Sissons.
2:31 of 2nd period - Stopped by Cal Petersen without a rebound.
2:32 of 2nd period - Max Domi wins face-off versus Nils Aman in Golden Knights zone.
2:35 of 2nd period - Shot by Max Domi.
2:35 of 2nd period - Shot Misses the Net.
2:49 of 2nd period - Shot by Simon Benoit.
2:49 of 2nd period - Shot Blocked by TJ Brodie.
3:36 of 2nd period - Colton Sissons is hit by Tyler Tucker and loses puck.
4:47 of 2nd period - Icing by Adam Boqvist.
4:48 of 2nd period - Macklin Celebrini wins face-off versus Anthony Cirelli in Golden Knights zone.
6:16 of 2nd period - Shot by Jordan Dumais.
6:16 of 2nd period - Stopped by Vitek Vanecek without a rebound.
6:17 of 2nd period - Nicolas Roy wins face-off versus Nils Aman in Wild zone.
6:17 of 2nd period - Nicolas Roy is hit by Kaleb Lawrence.
6:18 of 2nd period - Nicolas Roy from Wild is injured at 6:18 of 2nd period (Back Surgery).
6:19 of 2nd period - Nils Aman wins face-off versus Max Domi in Wild zone.
6:30 of 2nd period - Kaleb Lawrence is hit by Max Domi and loses puck.
7:38 of 2nd period - Shot by Brian Dumoulin.
7:38 of 2nd period - Stopped by Cal Petersen without a rebound.
7:39 of 2nd period - Anthony Cirelli wins face-off versus Cody Glass in Golden Knights zone.
8:05 of 2nd period - Anthony Cirelli is hit by Cody Glass and loses puck.
8:24 of 2nd period - Shot by Ryan Donato.
8:24 of 2nd period - Shot Misses the Net.
8:27 of 2nd period - Icing by Ilya Lyubushkin.
8:28 of 2nd period - Christian Fischer wins face-off versus Dylan Larkin in Golden Knights zone.
9:41 of 2nd period - Minor Penalty to Tyler Tucker for Roughing.
9:41 of 2nd period - Double Minor Penalty to Max Domi for Boarding.
9:42 of 2nd period - Nils Aman wins face-off versus Anthony Cirelli in Golden Knights zone.
9:42 of 2nd period - Nils Aman is hit by Anthony Cirelli.
10:03 of 2nd period - Teuvo Teravainen is hit by Ilya Lyubushkin and loses puck.
10:18 of 2nd period - Brady Skjei is hit by Cody Glass.
10:30 of 2nd period - Minor Penalty to Anthony Cirelli for Tripping.
10:31 of 2nd period - Nils Aman wins face-off versus Colton Sissons in Wild zone.
11:59 of 2nd period - Shot by Tanner Jeannot.
11:59 of 2nd period - Shot Misses the Net.
12:01 of 2nd period - Shot by TJ Brodie.
12:01 of 2nd period - Shot Misses the Net.
12:03 of 2nd period - Shot by TJ Brodie.
12:03 of 2nd period - Shot Misses the Net.
12:05 of 2nd period - Shot by Tanner Jeannot.
12:05 of 2nd period - Shot Misses the Net.
12:07 of 2nd period - Shot by Tyler Tucker.
12:07 of 2nd period - Stopped by Vitek Vanecek without a rebound.
12:08 of 2nd period - Macklin Celebrini wins face-off versus Colton Sissons in Wild zone.
12:21 of 2nd period - Shot by Adam Boqvist.
12:21 of 2nd period - Stopped by Vitek Vanecek with a rebound.
12:53 of 2nd period - Shot by Jordan Martinook.
12:53 of 2nd period - Shot Blocked by Logan Stanley.
13:00 of 2nd period - Icing by Adam Boqvist.
13:01 of 2nd period - Macklin Celebrini wins face-off versus Colton Sissons in Golden Knights zone.
13:03 of 2nd period - Icing by Adam Boqvist.
13:04 of 2nd period - Macklin Celebrini wins face-off versus Colton Sissons in Golden Knights zone.
14:42 of 2nd period - Tyler Tucker is hit by Mason Appleton and loses puck.
14:57 of 2nd period - Shot by Max Domi.
14:57 of 2nd period - Stopped by Cal Petersen with a rebound.
15:05 of 2nd period - Shot by Max Domi.
15:05 of 2nd period - Shot Blocked by TJ Brodie.
15:42 of 2nd period - Shot by Dylan Larkin.
15:42 of 2nd period - Shot Misses the Net.
15:44 of 2nd period - Shot by Dylan Larkin.
15:44 of 2nd period - Shot Misses the Net.
15:46 of 2nd period - Shot by Dylan Larkin.
15:46 of 2nd period - Shot Misses the Net.
16:11 of 2nd period - Anthony Cirelli is hit by Logan Stanley.
16:13 of 2nd period - Shot by Teuvo Teravainen.
16:13 of 2nd period - Shot Misses the Net.
16:29 of 2nd period - Shot by Ryan Lomberg.
16:29 of 2nd period - Stopped by Vitek Vanecek with a rebound.
16:31 of 2nd period - Shot by Kaleb Lawrence.
16:31 of 2nd period - Shot Misses the Net.
16:33 of 2nd period - Shot by Ryan Lomberg.
16:33 of 2nd period - Shot Misses the Net.
16:39 of 2nd period - Shot by Nils Aman.
16:39 of 2nd period - Shot Misses the Net.
17:20 of 2nd period - Minor Penalty to Logan Stanley for Cross-checking.
17:21 of 2nd period - Dylan Larkin wins face-off versus Anthony Beauvillier in Golden Knights zone.
17:38 of 2nd period - Shot by Jalen Chatfield.
17:38 of 2nd period - Shot Blocked by Ilya Lyubushkin.
17:40 of 2nd period - Shot by Brady Skjei.
17:40 of 2nd period - Shot Blocked by Mathew Dumba.
17:42 of 2nd period - Shot by Brady Skjei.
17:42 of 2nd period - Stopped by Cal Petersen without a rebound.
17:43 of 2nd period - Anthony Beauvillier wins face-off versus Dylan Larkin in Golden Knights zone.
17:49 of 2nd period - Icing by Brady Skjei.
17:50 of 2nd period - Dylan Larkin wins face-off versus Nils Aman in Wild zone.
18:01 of 2nd period - Shot by Brady Skjei.
18:01 of 2nd period - Stopped by Cal Petersen without a rebound.
18:02 of 2nd period - Anthony Cirelli wins face-off versus Nils Aman in Golden Knights zone.
18:07 of 2nd period - Shot by Anthony Cirelli.
18:07 of 2nd period - Shot Misses the Net.
18:35 of 2nd period - Shot by Brian Dumoulin.
18:35 of 2nd period - Shot Blocked by Mathew Dumba.
18:45 of 2nd period - Icing by Teuvo Teravainen.
18:46 of 2nd period - Nils Aman wins face-off versus Anthony Cirelli in Wild zone.
19:06 of 2nd period - Ryan Donato is hit by Cody Glass and loses puck.
19:37 of 2nd period - Shot by Dylan Larkin.
19:37 of 2nd period - Deflect By Mark Stone.
19:37 of 2nd period - Shot Misses the Net.
Goals for this period are 1 for Wild vs 0 for Golden Knights.
Shots for this period are 9 for Wild vs 4 for Golden Knights.
3rd period
0:01 of 3rd period - Macklin Celebrini wins face-off versus Anthony Cirelli in neutral zone.
0:21 of 3rd period - Ryan Donato is hit by Mathew Dumba and loses puck.
0:26 of 3rd period - Shot by Ryan Donato.
0:26 of 3rd period - Stopped by Cal Petersen with a rebound.
0:49 of 3rd period - Minor Penalty to Ryan Donato for Interference.
0:50 of 3rd period - Cody Glass wins face-off versus Jordan Martinook in Wild zone.
1:00 of 3rd period - Icing by Cody Glass.
1:01 of 3rd period - Cody Glass wins face-off versus Mason Appleton in Golden Knights zone.
1:13 of 3rd period - Shot by Cody Glass.
1:13 of 3rd period - Deflect By Christian Fischer.
1:13 of 3rd period - Shot Misses the Net.
1:15 of 3rd period - Shot by Tanner Jeannot.
1:15 of 3rd period - Shot Misses the Net.
2:44 of 3rd period - Off-side.
2:45 of 3rd period - Colton Sissons wins face-off versus Cody Glass in neutral zone.
2:57 of 3rd period - Mathew Dumba is hit by Nick Perbix and loses puck.
3:11 of 3rd period - Off-side.
3:12 of 3rd period - Max Domi wins face-off versus Kaleb Lawrence in neutral zone.
3:46 of 3rd period - Shot by Mason Appleton.
3:46 of 3rd period - Stopped by Cal Petersen without a rebound.
3:47 of 3rd period - Anthony Cirelli wins face-off versus Macklin Celebrini in Golden Knights zone.
4:06 of 3rd period - Shot by Teuvo Teravainen.
4:06 of 3rd period - Deflect By Anthony Cirelli.
4:06 of 3rd period - Shot Misses the Net.
4:22 of 3rd period - Shot by Teuvo Teravainen.
4:22 of 3rd period - Shot Misses the Net.
4:26 of 3rd period - Shot by Anthony Cirelli.
4:26 of 3rd period - Stopped by Cal Petersen without a rebound.
4:27 of 3rd period - Cody Glass wins face-off versus Dylan Larkin in Golden Knights zone.
4:45 of 3rd period - Dylan Larkin is hit by Logan Stanley.
5:01 of 3rd period - Shot by Jordan Martinook.
5:01 of 3rd period - Shot Misses the Net.
5:46 of 3rd period - Shot by Collin Graf.
5:46 of 3rd period - Stopped by Cal Petersen without a rebound.
5:47 of 3rd period - Anthony Cirelli wins face-off versus Macklin Celebrini in Golden Knights zone.
5:55 of 3rd period - Minor Penalty to Ryan Donato for Cross-checking.
5:56 of 3rd period - Colton Sissons wins face-off versus Macklin Celebrini in Wild zone.
6:07 of 3rd period - Shot by TJ Brodie.
6:07 of 3rd period - Shot Blocked by Jordan Martinook.
6:36 of 3rd period - Tyler Tucker is hit by Simon Benoit and loses puck.
7:49 of 3rd period - Icing by Vladimir Tarasenko.
7:50 of 3rd period - Jordan Martinook wins face-off versus Macklin Celebrini in Golden Knights zone.
8:45 of 3rd period - Shot by Collin Graf.
8:45 of 3rd period - Stopped by Cal Petersen without a rebound.
8:46 of 3rd period - Max Domi wins face-off versus Nils Aman in Golden Knights zone.
9:03 of 3rd period - Shot by Max Domi.
9:03 of 3rd period - Stopped by Cal Petersen with a rebound.
9:05 of 3rd period - Shot by Collin Graf.
9:05 of 3rd period - Stopped by Cal Petersen without a rebound.
9:06 of 3rd period - Dylan Larkin wins face-off versus Macklin Celebrini in Golden Knights zone.
9:14 of 3rd period - Shot by Dylan Larkin.
9:14 of 3rd period - Stopped by Cal Petersen without a rebound.
9:15 of 3rd period - Macklin Celebrini wins face-off versus Anthony Cirelli in Golden Knights zone.
9:37 of 3rd period - Icing by TJ Brodie.
9:38 of 3rd period - Macklin Celebrini wins face-off versus Dylan Larkin in Golden Knights zone.
9:38 of 3rd period - Macklin Celebrini is hit by Teuvo Teravainen.
9:44 of 3rd period - Teuvo Teravainen is hit by Anthony Beauvillier and loses puck.
9:51 of 3rd period - Shot by Macklin Celebrini.
9:51 of 3rd period - Stopped by Vitek Vanecek without a rebound.
9:52 of 3rd period - Cody Glass wins face-off versus Dylan Larkin in Wild zone.
9:52 of 3rd period - Ilya Lyubushkin is hit by Jalen Chatfield and loses puck.
10:05 of 3rd period - Cody Glass is hit by Jalen Chatfield.
10:15 of 3rd period - Shot by Dylan Larkin.
10:15 of 3rd period - Shot Misses the Net.
10:17 of 3rd period - Shot by Colton Sissons.
10:17 of 3rd period - Shot Blocked by Ilya Lyubushkin.
10:28 of 3rd period - Shot by Colton Sissons.
10:28 of 3rd period - Shot Blocked by Ilya Lyubushkin.
10:30 of 3rd period - Shot by Jordan Martinook.
10:30 of 3rd period - Stopped by Cal Petersen without a rebound.
10:31 of 3rd period - Anthony Cirelli wins face-off versus Macklin Celebrini in Golden Knights zone.
10:32 of 3rd period - Shot by Teuvo Teravainen.
10:32 of 3rd period - Shot Blocked by Anthony Beauvillier.
10:42 of 3rd period - Shot by Vladimir Tarasenko.
10:42 of 3rd period - Shot Blocked by Brian Dumoulin.
10:46 of 3rd period - Shot by Macklin Celebrini.
10:46 of 3rd period - Shot Misses the Net.
10:48 of 3rd period - Shot by TJ Brodie.
10:48 of 3rd period - Shot Blocked by Brian Dumoulin.
11:02 of 3rd period - Shot by Anthony Beauvillier.
11:02 of 3rd period - Stopped by Vitek Vanecek without a rebound.
11:03 of 3rd period - Max Domi wins face-off versus Hugh McGing in Wild zone.
11:03 of 3rd period - Max Domi is hit by Hugh McGing.
11:23 of 3rd period - Adam Boqvist is hit by Max Domi and loses puck.
11:33 of 3rd period - Icing by Adam Boqvist.
11:34 of 3rd period - Dylan Larkin wins face-off versus Hugh McGing in Golden Knights zone.
11:34 of 3rd period - Dylan Larkin is hit by Logan Stanley.
11:40 of 3rd period - Shot by Dylan Larkin.
11:40 of 3rd period - Stopped by Cal Petersen with a rebound.
12:10 of 3rd period - Shot by Mark Stone.
12:10 of 3rd period - Stopped by Cal Petersen without a rebound.
12:11 of 3rd period - Nils Aman wins face-off versus Dylan Larkin in Golden Knights zone.
12:16 of 3rd period - Ryan Lomberg is hit by Colton Sissons and loses puck.
12:44 of 3rd period - Colton Sissons is hit by Mathew Dumba and loses puck.
12:48 of 3rd period - Jordan Martinook is hit by Mathew Dumba and loses puck.
13:04 of 3rd period - Collin Graf is hit by Ilya Lyubushkin and loses puck.
13:08 of 3rd period - Collin Graf is hit by Mathew Dumba and loses puck.
14:18 of 3rd period - Shot by Teuvo Teravainen.
14:18 of 3rd period - Deflect By Anthony Cirelli.
14:18 of 3rd period - Shot Misses the Net.
15:06 of 3rd period - Anthony Cirelli is hit by Vladimir Tarasenko and loses puck.
15:50 of 3rd period - Shot by Tanner Jeannot.
15:50 of 3rd period - Shot Misses the Net.
16:08 of 3rd period - Shot by Colton Sissons.
16:08 of 3rd period - Stopped by Cal Petersen without a rebound.
16:09 of 3rd period - Dylan Larkin wins face-off versus Hugh McGing in Golden Knights zone.
16:24 of 3rd period - Shot by Jordan Dumais.
16:24 of 3rd period - Shot Misses the Net.
16:57 of 3rd period - Icing by Erik Brannstrom.
16:58 of 3rd period - Nils Aman wins face-off versus Dylan Larkin in Wild zone.
17:26 of 3rd period - Icing by Erik Brannstrom.
17:27 of 3rd period - Cody Glass wins face-off versus Dylan Larkin in Wild zone.
17:52 of 3rd period - Shot by Cody Glass.
17:52 of 3rd period - Stopped by Vitek Vanecek without a rebound.
17:53 of 3rd period - Hugh McGing wins face-off versus Anthony Cirelli in Wild zone.
18:27 of 3rd period - Shot by Anthony Cirelli.
18:27 of 3rd period - Stopped by Cal Petersen with a rebound.
18:40 of 3rd period - Icing by Nick Perbix.
18:41 of 3rd period - Anthony Cirelli wins face-off versus Macklin Celebrini in Wild zone.
19:52 of 3rd period - Shot by Mark Stone.
19:52 of 3rd period - Shot Hit the Post.
19:54 of 3rd period - Shot by Dylan Larkin.
19:54 of 3rd period - Shot Blocked by Ilya Lyubushkin.
19:56 of 3rd period - Shot by Mark Stone.
19:56 of 3rd period - Stopped by Cal Petersen without a rebound.
19:57 of 3rd period - Dylan Larkin wins face-off versus Cody Glass in Golden Knights zone.
Goals for this period are 0 for Wild vs 0 for Golden Knights.
Shots for this period are 14 for Wild vs 3 for Golden Knights.